 Dungeon Crawl Stone Soup version 0.27.1-34-g3ba077fa99 (webtiles) character file.

Game seed: 8134362670204375680

124 MisterFreud the Ruffian (level 4, 0/66 HPs)
             Began as a Troll Berserker on Jan 3, 2022.
             Was a Believer of Trog.
             Succumbed to a gnoll sergeant's poison
             ... on level 4 of the Dungeon.
             The game lasted 00:01:25 (625 turns).

MisterFreud the Ruffian (Troll Berserker)            Turns: 625, Time: 00:01:26

Health: 0/66       AC:  4    Str: 25    XL:     4   Next: 81%
Magic:  3/3        EV: 10    Int:  4    God:    Trog [**....]
Gold:   46         SH:  0    Dex:  9    Spells: 3/3 levels left

rFire    . . .     SeeInvis .     - Unarmed
rCold    . . .     Faith    .   (no shield)
rNeg     . . .     Spirit   .   a - +0 animal skin
rPois    .         Reflect  .   (helmet restricted)
rElec    .         Harm     .   (no cloak)
rCorr    .         Rampage  .   (gloves unavailable)
Will     .....                  (boots unavailable)
Stlth    ..........             (no amulet)
HPRegen  1.21/turn              (no ring)
MPRegen  0.08/turn              (no ring)

@: berserking, lethally poisoned (0 -> -10), very quick
A: large, unfitting armour, claws 3, regeneration 1, shaggy fur 1, tough skin 1
a: Renounce Religion, Berserk, Trog's Hand


You were on level 4 of the Dungeon.
You worshipped Trog.
Trog was pleased with you.
You visited 1 branch of the dungeon, and saw 4 of its levels.

You collected 46 gold pieces.

Inventory:

Missiles
 b - 8 datura-tipped darts (quivered)
 f - 3 boomerangs
Armour
 a - a +0 animal skin (worn)
Scrolls
 d - a scroll of identify {unknown}
Potions
 c - a potion of flight {unknown}
 e - a potion of cancellation {unknown}


   Skills:
 - Level 2.4 Fighting
 - Level 2.4 Dodging
 + Level 5.6 Unarmed Combat


You had 3 spell levels left.
You didn't know any spells.
Your spell library was empty.

Dungeon Overview and Level Annotations

Branches:
Dungeon (5/15)
 Temple: D:4-7

Altars:

Shops:
D:1 [


Innate Abilities, Weirdness & Mutations

You are too large for most types of armour.
You have claws for hands.
Your natural rate of healing is unusually fast.
You are covered in fur. (AC +1)
You have tough skin. (AC +1)


Message History

You see here a hound corpse.
A gnoll sergeant comes into view. It is wielding a +4 trident of venom.
The gnoll hits you from afar with a +0 spear.
There is a stone staircase leading down here.
The gnoll hits you from afar with a +0 spear.
The gnoll hits you with a +0 spear! The gnoll barely misses you.
A red film seems to cover your vision as you go berserk!
You feel yourself moving faster!
You feel mighty! The gnoll hits you with a +0 spear.
The gnoll hits you from afar with a +3 spear.
You barely miss the gnoll. The gnoll hits you with a +0 spear.
You closely miss the gnoll.
The gnoll hits you from afar with a +3 spear.
You scratch the gnoll.
The gnoll is moderately wounded.
The gnoll misses you.
The gnoll hits you from afar with a +3 spear!
You scratch the gnoll. You claw the gnoll.
You kill the gnoll!
Trog accepts your kill. The gnoll hits you with a +3 spear.
The gnoll sergeant barely misses you.
Things that are here:
a +0 spear; a gnoll corpse You barely miss the gnoll.
The gnoll hits you with a +3 spear.
You claw the gnoll!
You kill the gnoll!
Trog accepts your kill.
The gnoll sergeant hits you from afar with a +4 trident of venom.
* * * LOW HITPOINT WARNING * * *
You are poisoned.
You feel sick.
Things that are here:
a +3 spear; a gnoll corpse The gnoll sergeant blocks your attack.
You feel sick.
The gnoll sergeant hits you with a +4 trident of venom!
* * * LOW HITPOINT WARNING * * *
You are lethally poisoned!
You mangle the gnoll sergeant!!
The gnoll sergeant is severely wounded.
You die...

### #.# #.# #)# #.## #
#@# #... .. ..##.##g#
#..# #.# .......g# #..#
#.# #.##.##.# #..# #.#
#.##.##.# #..######.###
........####..##.......#
.....................#.#
.........>.......#...#.#
#.##.####.##..##.#...#.#


You could see a gnoll sergeant and a gnoll.

Vanquished Creatures
  2 hounds (D:4)
  2 adders (D:2)
  2 gnolls (D:4)
  2 ball pythons (D:1)
  4 bats
  An endoplasm (D:1)
  2 goblins
  4 hobgoblins
  3 jackals (D:2)
  3 kobolds
  A quokka (D:1)
  A rat (D:2)
27 creatures vanquished.

Notes
Turn   | Place    | Note
-------+----------+-------------------------------------------
     0 | D:1      | MisterFreud the Troll Berserker began the quest for the
                  | Orb.
     0 | D:1      | Reached XP level 1. HP: 22/22 MP: 0/0
    70 | D:1      | Found Wilill's Armour Boutique.
   241 | D:1      | Found a faded altar of an unknown god.
   250 | D:1      | Reached XP level 2. HP: 29/29 MP: 1/1
   383 | D:2      | Reached skill level 4 in Unarmed Combat
   396 | D:2      | Reached XP level 3. HP: 35/36 MP: 2/2
   487 | D:2      | You fall into a shaft and drop 2 floors!
   542 | D:4      | Reached skill level 5 in Unarmed Combat
   542 | D:4      | Reached XP level 4. HP: 38/44 MP: 3/3
   579 | D:4      | Reached ** piety under Trog
   584 | D:5      | Entered Level 5 of the Dungeon
   600 | D:4      | Noticed a gnoll sergeant
   624 | D:4      | HP: 2/66 [gnoll sergeant (15)]
   625 | D:4      | Succumbed to a gnoll sergeant's poison

Illustrated notes

Levels and vault maps discovered:
D:1:      shiori_arrival_maze, layout_rooms, serial_shops, shop_fountains,
          chequers_ecumenical_altar_island, chequers_serial_rivers_marsh
D:2:      layout_rooms, serial_shops, nicolae_shop_overgrown_old_shop
D:4:      layout_basic, minmay_temple_entry_stoned_glass
D:5:      minmay_diamond_boxcup, layout_loops_cross,
          nicolae_tso_carved_into_rock, fedhas_bush_and_centaur_altar,
          uniq_sigmund, uniq_pikel

Skill      XL: |  1  2  3 |
---------------+----------+-----
Unarmed Combat | 4 5 |  5.6
Fighting       | |  2.4
Dodging        | |  2.4

Action                   |  1- 3 |  4- 6 || total
-------------------------+-------+-------++-------
Melee: Unarmed           |    61 |    22 ||    83
       Punch             |     2 |     1 ||     3
Invok: Berserk           |       |     1 ||     1
Armor: Animal skin       |    21 |     6 ||    27
Dodge: Dodged            |    34 |    12 ||    46
